 Dungeon Crawl Stone Soup version 0.25-a0-280-gfa4545f159 (webtiles) character file.

Game seed: 7852950512582995144, levelgen mode: deterministic

80 tilp the Firebug (level 4, 0/24 HPs)
             Began as a Deep Elf Fire Elementalist on Dec 7, 2019.
             Slain by a jackal (2 damage)
             ... on level 3 of the Dungeon on Dec 10, 2019.
             The game lasted 00:08:43 (3274 turns).

tilp the Firebug (Deep Elf Fire Elementalist)       Turns: 3274, Time: 00:08:44

Health: 0/24       AC:  2    Str:  5    XL:     4   Next: 18%
Magic:  5/10       EV: 13    Int: 21    God:
Gold:   99         SH:  0    Dex: 15    Spells: 1/9 levels left

rFire    + . .     SeeInvis .   a - +1 trident (flame)
rCold    + . .     Gourm    .   (no shield)
rNeg     . . .     Faith    .   e - +0 robe
rPois    .         Spirit   .   (no helmet)
rElec    .         Reflect  .   k - scarf {rC+ rF+}
rCorr    .         Harm     .   (no gloves)
MR       .....                  (no boots)
Stlth    +++.......             (no amulet)
HPRegen  0.08/turn              h - ring of stealth
MPRegen  0.12/turn              (no ring)

@: no status effects
A: no striking features
a: no special abilities


You were on level 3 of the Dungeon.
You were not hungry.

You visited 1 branch of the dungeon, and saw 3 of its levels.

You collected 99 gold pieces.

Inventory:

Hand Weapons
 a - a +1 trident of flaming (weapon)
 b - a +0 hunting sling
Missiles
 d - 141 stones (quivered)
 f - 16 sling bullets
Armour
 e - a +0 robe (worn)
 k - a scarf of resistance (worn)
 o - a +0 helmet
Jewellery
 h - a ring of stealth (left hand)
Scrolls
 i - a scroll of remove curse
 l - a scroll of fear
Potions
 g - a potion of heal wounds {unknown}
 j - a potion of resistance {unknown}
 n - 2 potions of might {unknown}
Comestibles
 c - 3 rations
 m - a chunk of flesh


   Skills:
 - Level 2.4 Dodging
 - Level 2.4 Stealth
 - Level 3.0 Spellcasting
 + Level 3.9 Conjurations
 - Level 4.0 Fire Magic


You had one spell level left.
You knew the following spells:

 Your Spells              Type           Power        Failure   Level  Hunger
a - Foxfire               Conj/Fire      ###.         2%          1    None
b - Conjure Flame         Conj/Fire      ###.....     8%          3    ###....
c - Sticky Flame          Conj/Fire      ###.....     26%         4    ####...

Your spell library contained the following spells:

 Spells                   Type           Power        Failure   Level  Hunger
 Inner Flame              Hex/Fire       ##......     17%         3    ###....
 Fireball                 Conj/Fire      ###.......   58%         5    ######.


Dungeon Overview and Level Annotations

Branches:
Dungeon (3/15)

Altars:
Fedhas

Annotations:
D:2 exclusion: oklob plant
D:3 Terence


Message History

* * * LOW HITPOINT WARNING * * *
You closely miss the jackal.
The jackal is moderately wounded.
The jackal misses you.
The jackal bites you but does no damage.
You closely miss the jackal.
The jackal is moderately wounded.
The jackal bites you.
* * * LOW HITPOINT WARNING * * *
The jackal barely misses you. The jackal bites you.
* * * LOW HITPOINT WARNING * * *
Unknown command.
The jackal closely misses you. The jackal bites you.
* * * LOW HITPOINT WARNING * * *
Casting: Conjure Flame (safe; 8% risk of failure)
Confirm with . or Enter, or press ? or * to list all spells.
You conjure some foxfire!
The jackal closely misses you. The jackal bites you.
You die...

.#.# #.# <#.# #....#
#.# ##.# #....# #.#
...# #....+ #.# .###
#....# #.#
.############....# #.#
.................# #.#
######.....##..v.####.#
#.........v@h....#
#.....############
#.....# #.....# ##.####
#.# ###)## #..).#
#....#


You could see a jackal.

Vanquished Creatures
  Robin (D:2)
  A worm (D:2)
  2 dart slugs (D:1)
  2 leopard geckos
  2 orcs (D:3)
  3 giant cockroaches
  14 goblins
  5 hobgoblins
  2 jackals (D:3)
  A kobold (D:1)
  A quokka (D:2)
  A ball python (D:2)
  2 bats (D:1)
  5 frilled lizards
  13 rats
55 creatures vanquished.

Vanquished Creatures (others)
  124 foxfires
124 creatures vanquished.

Grand Total: 179 creatures vanquished

Notes
Turn   | Place    | Note
-------+----------+-------------------------------------------
     0 | D:1      | tilp the Deep Elf Fire Elementalist began the quest for the
                  | Orb.
     0 | D:1      | Reached XP level 1. HP: 10/10 MP: 6/6
   131 | D:1      | Reached XP level 2. HP: 8/15 MP: 1/8
   493 | D:1      | Upgraded the game from 0.25-a0-265-g7af84ae0ac to
                  | 0.25-a0-280-gfa4545f159
   752 | D:1      | Reached skill level 4 in Fire Magic
   899 | D:1      | Reached XP level 3. HP: 19/19 MP: 7/9
  1505 | D:2      | Noticed Robin
  1534 | D:1      | Learned a level 3 spell: Conjure Flame
  2041 | D:2      | Found a blossoming altar of Fedhas.
  2102 | D:2      | Noticed an oklob plant
  2296 | D:2      | Killed Robin
  2512 | D:2      | Reached XP level 4. HP: 24/24 MP: 6/10
  2899 | D:3      | Noticed Terence
  2952 | D:3      | Learned a level 4 spell: Sticky Flame
  3274 | D:3      | Slain by a jackal

Levels and vault maps discovered:
D:1:      dpeg_arrival_three_same_balls, layout_loops_ring,
          chequers_serial_rivers_room_b, kennysheep_pointless_box
D:2:      layout_basic, tgw_fedhas, uniq_robin
D:3:      cheibrodos_old_hovel, layout_basic, uniq_terence

Skill      XL: |  1  2  3 |
---------------+----------+-----
Conjurations   | 2 3 |  3.9
Fire Magic     | 4 |  4.0
Dodging        | |  2.4
Stealth        | |  2.4
Spellcasting   | |  3.0

Action                   |  1- 3 |  4- 6 || total
-------------------------+-------+-------++-------
Melee: Trident           |    11 |    42 ||    53
Throw: Stone             |     2 |       ||     2
 Cast: Foxfire           |    75 |     7 ||    82
       Conjure Flame     |     3 |     7 ||    10
  Use: Scroll            |     2 |       ||     2
  Eat: Chunk             |     5 |     3 ||     8
Armor: Robe              |     3 |     6 ||     9
Dodge: Dodged            |    19 |    38 ||    57

Table legend:
 A = Non-vault XP
 B = Vault XP
 C = Vault XP percentage of total XP
 D = Non-vault monster count
 E = Vault monster count
 F = Vault count percentage of total count
                 A         B        C        D         E       F
            +---------+---------+-------+---------+---------+-------
      Total |      75 |      40 |  34.8 |      42 |      13 |  23.6
            +---------+---------+-------+---------+---------+-------
        D:1 |      47 |      10 |  17.5 |      28 |       5 |  15.2
        D:2 |      12 |      30 |  71.4 |       6 |       8 |  57.1
        D:3 |      16 |       0 |   0.0 |       8 |       0 |   0.0
            +---------+---------+-------+---------+---------+-------
